 Seeded DCSS version 0.29.1-12-g30fa7ad0bf (webtiles) character file.

Game seed: 9152848807977080366 (custom seed)

743 retardedninja the Trooper (level 7, 0/94 HPs)
             Began as a Minotaur Fighter on Jan 10, 2023.
             Slain by a killer bee (4 damage)
             ... on level 5 of the Dungeon.
             The game lasted 00:05:02 (3707 turns).

retardedninja the Trooper (Minotaur Fighter)        Turns: 3707, Time: 00:05:02

Health: 0/94       AC: 23    Str: 23    XL:     7   Next: 47%
Magic:  6/6        EV:  2    Int:  5    God:
Gold:   381        SH:  9    Dex:  9    Spells: 6/6 levels left

rFire   . . .      SeeInvis +   a - +1 war axe
rCold   . . .      Faith    .   m - +0 kite shield
rNeg    . . .      Spirit   .   (body armour currently unavailable)
rPois   +          Reflect  .   (helmet currently unavailable)
rElec   .          Harm     .   (cloak currently unavailable)
rCorr   .          Rampage  .   (gloves currently unavailable)
Will    .....      NoTele   +   (boots currently unavailable)
Stlth   +.........              (no amulet)
HPRegen 0.25/turn               i - ring of see invisible
MPRegen 0.10/turn               (no ring)

@: mighty, tree-form, on berserk cooldown, slowed, very slow
A: stationary, stasis, torment immunity, boosted hp, (horns 2), (retaliatory
headbutt)
a: no special abilities


You were on level 5 of the Dungeon.
You were a tree.
You visited 1 branch of the dungeon, and saw 5 of its levels.

You collected 381 gold pieces.

Inventory:

Hand Weapons
 a - a +1 war axe (weapon)
Armour
 b - a +0 scale mail (melded)
 c - a +0 buckler
 m - a +0 kite shield (worn)
Jewellery
 g - an amulet of magic regeneration
 i - a ring of see invisible (left branch)
 s - a ring of protection from cold
Wands
 l - a wand of polymorph (9)
 n - a wand of flame (12)
Scrolls
 e - a scroll of noise {unknown}
 h - a scroll of fear {unknown}
 p - a scroll of magic mapping {unknown}
 q - a scroll of teleportation
 t - a scroll of identify
Potions
 d - a potion of might
 f - 4 potions of berserk rage
 k - a potion of attraction {unknown}
 o - a potion of curing {unknown}
 u - a potion of cancellation {unknown}


   Skills:
 + Level 6.1 Fighting
 + Level 5.5 Axes
 + Level 6.1 Armour
 + Level 6.1 Shields


You had 6 spell levels left.
You didn't know any spells.
Your spell library contained the following spells:

 Spells                   Type           Power      Damage    Failure   Level
 Ensorcelled Hibernation  Hex/Ice        0%         N/A       91%         2
 Gell's Gravitas          Tloc           0%         N/A       99%         3
 Lesser Beckoning         Tloc           0%         N/A       99%         3
 Spider Form              Tmut/Pois      0%         N/A       99%         3
 Teleport Other           Tloc           0%         N/A       99%         3
 Anguish                  Hex/Necr       0%         N/A       100%        4


Dungeon Overview and Level Annotations

Branches:
Dungeon (5/15)             Temple (0/1) D:5

Altars:
Kikubaaqudgha
Qazlal
Ru
Sif Muna
The Shining One

Shops:
D:1 [

Annotations:
D:5 Eustachio


Innate Abilities, Weirdness & Mutations

You are a tree.
Your roots penetrate the ground, keeping you stationary.
You cannot be teleported.
You are immune to unholy pain and torment.
Your maximum health is greatly increased.
Your equipment is partially melded.
((You have a pair of horns on your head.))
((You reflexively headbutt those who attack you in melee.))


Message History

Your Armour skill increases to level 6!
Your Shields skill increases to level 6!
You completely miss the killer bee.
The killer bee is heavily wounded.
The killer bee stings you but does no damage. x2
You block the killer bee's attack. x2
You barely miss the killer bee. Your headbutt misses the killer bee.
The killer bee is heavily wounded.
The killer bee stings you!
* * * LOW HITPOINT WARNING * * *
The killer bee barely misses you. You furiously retaliate!
You headbutt the killer bee. You block the killer bee's attack. x2
It was a potion of lignification.
You turn into a tree.
Your +0 scale mail melds into your body.
Your roots penetrate the ground.
The killer bee stings you but does no damage.
You block the killer bee's attack.
The killer bee stings you but does no damage.
You barely miss the killer bee.
The killer bee is severely wounded.
You block the killer bee's attack.
The killer bee stings you but does no damage. x2
You block the killer bee's attack.
You miss the killer bee.
The killer bee is severely wounded.
The killer bee stings you but does no damage. x2
You block the killer bee's attack. x2
The killer bee stings you but does no damage.
You miss the killer bee.
The killer bee is severely wounded.
The killer bee stings you but does no damage. x4
You miss the killer bee.
The killer bee is severely wounded.
The killer bee stings you but does no damage. x3
You block the killer bee's attack. The killer bee stings you.
* * * LOW HITPOINT WARNING * * *
You closely miss the killer bee.
The killer bee is severely wounded.
The killer bee barely misses you. x2; The killer bee stings you.
You die...

#..8.8.8.
#...⌠.⌠..
#..8.>.8.
#...⌠.⌠..
#(.8.8.8
#.....
###########.y#
#...........♣#
#.#########)##
#.## #.# #..#
#:# ##.# #.#
#.# #.# #.#
#.# #.# #.#
#.# #.# #.# .#
#.#


You could see a killer bee.

Vanquished Creatures
  Sigmund (D:2)
  Menkaure (D:5)
  A phantom (D:5)
  A necrophage (D:4)
  2 scorpions (D:5)
  2 killer bees (D:5)
  A hound (D:5)
  Jessica (D:2)
  An iguana (D:5)
  Robin (D:3)
  3 adders
  2 ufetubi
  2 worms (D:4)
  A dart slug (D:4)
  10 orcs
  7 endoplasms
  4 giant cockroaches
  13 goblins
  3 hobgoblins
  13 jackals
  2 quokkas
  3 ball pythons
  8 bats
  5 frilled lizards
  8 kobolds
  2 rats
98 creatures vanquished.

Vanquished Creatures (others)
  A fungus (D:4)
  4 toadstools (D:4)
5 creatures vanquished.

Grand Total: 103 creatures vanquished

Notes
Turn   | Place    | Note
-------+----------+-------------------------------------------
     0 | D:1      | retardedninja the Minotaur Fighter began the quest for the
                  | Orb.
     0 | D:1      | Reached XP level 1. HP: 19/19 MP: 0/0
    65 | D:1      | Found Daiz Ogh's Armour Boutique.
   342 | D:1      | Reached XP level 2. HP: 25/27 MP: 1/1
   485 | D:1      | Found a faded altar of an unknown god.
  1095 | D:2      | Found a glowing golden altar of the Shining One.
  1173 | D:2      | Reached XP level 3. HP: 33/33 MP: 2/2
  1372 | D:2      | Noticed Jessica
  1388 | D:2      | Killed Jessica
  1389 | D:2      | Reached XP level 4. HP: 39/40 MP: 3/3
  1461 | D:2      | Noticed Sigmund
  1466 | D:2      | Killed Sigmund
  1467 | D:2      | Reached skill level 5 in Fighting
  1467 | D:2      | Reached skill level 5 in Armour
  1467 | D:2      | Reached XP level 5. HP: 43/48 MP: 4/4
  1529 | D:2      | Reached skill level 5 in Shields
  1829 | D:3      | Noticed Robin
  1837 | D:3      | Killed Robin
  2064 | D:3      | Found a sacrificial altar of Ru.
  2134 | D:3      | Reached XP level 6. HP: 56/56 MP: 5/5
  2418 | D:3      | Found a shimmering blue altar of Sif Muna.
  3070 | D:4      | Found a stormy altar of Qazlal.
  3070 | D:4      | Found an ancient bone altar of Kikubaaqudgha.
  3178 | D:5      | Entered Level 5 of the Dungeon
  3228 | D:5      | Identified the +5 quarterstaff "Gumuagrihum" {vorpal,
                  | Will+}
  3270 | D:5      | Reached skill level 5 in Axes
  3466 | D:5      | Noticed Eustachio
  3673 | D:5      | Found a staircase to the Ecumenical Temple.
  3681 | D:5      | Reached XP level 7. HP: 57/62 MP: 6/6
  3683 | D:5      | Noticed Menkaure
  3699 | D:5      | Killed Menkaure
  3701 | D:5      | HP: 2/63 [killer bee (7)]
  3706 | D:5      | HP: 4/94 [killer bee (2)]
  3707 | D:5      | Slain by a killer bee

Illustrated notes

Levels and vault maps discovered:
D:1:      lemuel_arrival_room, layout_basic, serial_shops, shop,
          hellmonk_ecumenical_altar_lost_god
D:2:      layout_basic, serial_forest, infiniplex_forest_clump_curved,
          infiniplex_forest_lined_2, infiniplex_forest_lined_3_way,
          infiniplex_forest_straight_2, infiniplex_forest_clump_small,
          infiniplex_forest_clump_small, basic_altar, uniq_jessica, uniq_sigmund
D:3:      layout_loops_ring, nicolae_ru_awakened_eye, led_sif_pool, uniq_robin
D:4:      layout_gridville, gammafunk_temple_overflow_elements,
          minmay_misc_feat_tiny, minmay_gold_behind_fungi, nicolae_wormholes
D:5:      layout_loops_ring, minmay_temple_entry_statues_fountains,
          water_boxes_lemuel, uniq_menkaure, uniq_eustachio

Skill      XL: |  1  2  3  4  5  6  7 |
---------------+----------------------+-----
Fighting       | 4 5 6 |  6.1
Shields        | 4 5 6 |  6.1
Axes           | 3 4 5 |  5.5
Armour         | 4 5 6 |  6.1

Action                   |  1- 3 |  4- 6 |  7- 9 || total
-------------------------+-------+-------+-------++-------
Melee: War axe           |    58 |   151 |    12 ||   221
       Headbutt          |     8 |    19 |     2 ||    29
Throw: Javelin           |       |     4 |       ||     4
  Use: Scroll            |     4 |     2 |       ||     6
       Potion            |       |     1 |     5 ||     6
Armor: Scale mail        |    27 |    75 |     4 ||   106
       Skin              |       |       |    14 ||    14
Dodge: Dodged            |    29 |    78 |     8 ||   115
Block: Buckler           |    16 |    43 |       ||    59
       Kite shield       |       |     1 |    14 ||    15
